cohdb
Replays
Latest Replays
All Replays
Popular Replays
Top Player Replays
Match Explorer
How It Works
Community
CoH3 Stats
Reddit
Sign in to upload your games and track your stats! →
Sign in with Steam
Match 41501990
Unlisted
Match 41501990
Overview
Messages
Build Orders
End
Construct Barracks
Selects Armored Battlegroup
Selects Veteran Crews
Riflemen Squad
1⁄4-ton 4x4 Truck
Riflemen Squad
Grenade Package
Riflemen Squad
Mechanized Support Center
Riflemen Squad
Selects Strength in Steel
Construct Medical Station
Construct Medical Station
Construct Motor Pool
M8 Greyhound Armored Car
M1 Anti-tank Gun Team
Designate Forward Repair Station
Selects M8 Scott SPG
Selects M8 Scott SPG
Selects UNKNOWN (2160077)
Selects Field Repairs
M1 Anti-tank Gun Team
M1918 Browning Automatic Rifles
Caramez
AshCo Dismas
0
0
Comments
sign in to comment!
No comments posted yet!